 Dungeon Crawl Stone Soup version 0.30-a0-777-ga9a30cbeda (console) character file.

Game seed: 2757148668317356111

1866 rlgrobin the Martial Artist (level 8, -8/60 HPs)
             Began as a Mummy Monk on Feb 14, 2023.
             Mangled by an orc warrior
             ... wielding a +0 dire flail
              (13 damage)
             ... on level 9 of the Dungeon.
             The game lasted 00:24:10 (10156 turns).

rlgrobin the Martial Artist (Mummy Monk)           Turns: 10156, Time: 00:24:11

Health: -8/60      AC: 10    Str: 14    XL:     8   Next: 90%
Magic:  8/8        EV: 15    Int:  9    God:
Gold:   70         SH:  0    Dex: 17    Spells: 7/7 levels left

rFire   x x .      SeeInvis .      - Unarmed
rCold   + + .      Faith    +    (no shield)
rNeg    + + +      Spirit   .    (no body armour)
rPois   ∞          Reflect  .    i - +2 helmet
rElec   .          Harm     .    b - +2 cloak
rCorr   .          Rampage  .    (no gloves)
Will    +....                    (no boots)
Stlth   +                        (no amulet)
HPRegen 0.30/turn                g - ring of ice
MPRegen 0.11/turn                c - +4 ring of protection

@: confused
A: cold resistance 1, negative energy resistance 3, torment resistance 2, heat
vulnerability 1, in touch with death 1, no potions, faith
a: no special abilities


You were on level 9 of the Dungeon.
You visited 1 branch of the dungeon, and saw 9 of its levels.

You collected 464 gold pieces.
You spent 394 gold pieces at shops.

Inventory:

Armour
 b - a +2 cloak (worn)
 i - a +2 helmet (worn)
Jewellery
 a - a +6 ring of intelligence
 c - a +4 ring of protection (right hand)
 g - a ring of ice (left hand)
Scrolls
 d - 4 scrolls of teleportation
 e - a scroll of blinking
 h - 2 scrolls of poison


   Skills:
 - Level 3.8 Fighting
 + Level 6.0 Dodging
 - Level 2.0 Stealth
 - Level 8.0 Unarmed Combat


You had 7 spell levels left.
You didn't know any spells.
Your spell library contained the following spells:

 Spells                   Type           Power      Damage    Failure   Level
 Dazzling Flash           Conj/Hex       0%         N/A       77%         3
 Inner Flame              Hex/Fire       0%         N/A       77%         3
 Tukima's Dance           Hex            0%         N/A       77%         3
 Cause Fear               Hex            0%         N/A       99%         4
 Passage of Golubria      Tloc           0%         N/A       99%         4
 Agony                    Necr           0%         N/A       100%        5
 Silence                  Hex/Air        0%         N/A       100%        5
 Yara's Violent Unravell  Hex/Tmut       0%         3d3       100%        5
 Discord                  Hex            0%         N/A       100%        8


Dungeon Overview and Level Annotations

Branches:
Dungeon (9/15)             Temple (0/1) D:5
   Lair: D:8-11         Orc: D:9-12

Altars:
Cheibriados
Dithmenos
Fedhas
Makhleb
Okawaru

Shops:
D:9 ?*?!

Annotations:
D:3 Pikel
D:4 Dowan, Duvessa
D:5 exclusions: gnoll, gnoll bouda, hound, jelly, ogre and phantom, Ijyb, Sigmund
D:6 exclusion: phantom, Blork the orc
D:7 exclusion: orc warrior, Joseph
D:8 exclusions: cyclops and ugly thing


Innate Abilities, Weirdness & Mutations

You are immune to poison.
Your flesh is cold resistant. (rC+)
You are immune to negative energy. (rN+++)
You are immune to unholy pain and torment.
You are vulnerable to heat. (rF-)
You are in touch with the powers of death.
You do not drink.
You have a special connection with the divine. (Faith)


Message History

a +0 short sword; an orc corpse The orc warrior unwields a +0 dire flail.
The orc warrior wields a +0 arbalest.
The orc warrior shoots a bolt.
The bolt hits you!
You miss something. Something hits you but does no damage.
The orc warrior shoots a bolt.
The bolt hits you!
You miss something. Something hits you but does no damage.
The orc warrior shoots a bolt.
The bolt hits you!
You closely miss something. Something hits you but does no damage.
The orc warrior shoots a bolt.
You closely miss something. Your punch misses something.
The orc warrior shoots a bolt.
The bolt closely misses you.
You hear some strange, mumbled words.
You are confused.
There is an open door, spattered with blood here.
Things that are here:
a +0 short sword; an orc corpse You hear some strange, mumbled words.
Something tries to affect you, but you resist.
The orc warrior shoots a bolt.
The bolt hits you!
* * * LOW HITPOINT WARNING * * *
You bump into the rock wall.
The orc warrior shoots a bolt.
The bolt misses you. Something hits you but does no damage.
You bump into the rock wall.
The orc warrior shoots a bolt.
The bolt misses you.
You hear some strange, mumbled words.
A magic dart appears from out of thin air!
The magic dart hits you!
* * * LOW HITPOINT WARNING * * *
You hear some strange, mumbled words.
You are more confused.
The orc warrior shoots a bolt.
The bolt hits you.
* * * LOW HITPOINT WARNING * * *
Something hits you but does no damage. Something hits you but does no damage.
The orc warrior unwields a +0 arbalest.
The orc warrior wields a +0 dire flail.
The orc warrior closely misses you. Something hits you but does no damage.
The orc warrior attacks as you move away!
The orc warrior hits you with a +0 dire flail!
You die...

.#####+##....#..# ....
.............#..# h..#
..##.........#..# ...#
..##.........#..# ##..#
(.)..........##.# ...
'####'#.......#.## #.#
(..#..#.......#..###'###
...#..#.......#..#.....#
...#..#.......#{@#.#.#.#
...#..#.......#.†o..∩..+
##'#'##...... ####.#.#.#
.........o. #.....#
K........# ###'###
K.###....# .# ..# ...##
# =K###......
....KKK....


You could see an orc warrior.

Vanquished Creatures
  A water moccasin (D:8)
  An ice beast (D:6)
  4 centaurs
  A phantom (D:6)
  4 kobold brigands
  3 bullfrogs
  2 necrophages (D:5)
  3 wights (D:7)
  3 howler monkeys (D:9)
  2 hounds
  2 orc priests
  An iguana (D:5)
  An orc wizard (D:6)
  6 gnolls
  2 adders
  2 shadow imps (D:6)
  A white imp (D:7)
  An ufetubus (D:4)
  3 worms
  A dart slug (D:5)
  17 orcs
  2 ball pythons
  6 bats
  9 endoplasms
  5 giant cockroaches
  9 goblins
  4 hobgoblins
  11 jackals
  28 kobolds
  A quokka (D:5)
  8 frilled lizards
  4 rats
148 creatures vanquished.

Vanquished Creatures (others)
  2 plants (D:3)
2 creatures vanquished.

Grand Total: 150 creatures vanquished

Notes
Turn   | Place    | Note
-------+----------+-------------------------------------------
     0 | D:1      | rlgrobin the Mummy Monk began the quest for the Orb.
     0 | D:1      | Reached XP level 1. HP: 18/18 MP: 1/1
   395 | D:1      | Reached XP level 2. HP: 24/24 MP: 2/2
   675 | D:1      | Reached skill level 3 in Unarmed Combat
  1051 | D:2      | Gained mutation: You are in touch with the powers of death.
                  | [Mummy growth]
  1051 | D:2      | Reached XP level 3. HP: 27/29 MP: 3/3
  2278 | D:3      | Found a blossoming altar of Fedhas.
  2752 | D:3      | Found a faded altar of an unknown god.
  2773 | D:3      | Reached XP level 4. HP: 30/35 MP: 4/4
  2957 | D:3      | Found an iron altar of Okawaru.
  3050 | D:3      | Reached skill level 4 in Unarmed Combat
  3511 | D:4      | Noticed an ogre
  3560 | D:4      | Noticed Duvessa
  3567 | D:4      | Noticed Pikel
  3568 | D:4      | Noticed a lemure
  3568 | D:4      | Noticed a lemure
  3569 | D:4      | Noticed a lemure
  3571 | D:5      | Entered Level 5 of the Dungeon
  3658 | D:5      | Noticed an ogre
  3725 | D:5      | Found a snail-covered altar of Cheibriados.
  3754 | D:5      | Noticed Ijyb
  3839 | D:5      | Found a staircase to the Ecumenical Temple.
  3997 | D:5      | Noticed a necrophage
  4021 | D:5      | Killed a necrophage
  4022 | D:5      | Reached XP level 5. HP: 25/41 MP: 5/5
  4130 | D:5      | Reached skill level 5 in Unarmed Combat
  4186 | D:5      | Noticed Sigmund
  4213 | D:4      | Noticed a lemure
  4248 | D:4      | Found a shadowy altar of Dithmenos.
  4313 | D:4      | Noticed Dowan
  4551 | D:4      | Reached XP level 6. HP: 45/47 MP: 6/6
  4568 | D:4      | You fall into a shaft and drop 3 floors!
  4816 | D:6      | Identified the +1 whip of Gegetot {flame, rC+ rCorr}
  4889 | D:6      | Noticed Blork the orc
  4901 | D:6      | Noticed an ice beast
  5887 | D:6      | Killed an ice beast
  5888 | D:6      | Reached XP level 7. HP: 50/52 MP: 7/7
  5918 | D:6      | Reached skill level 6 in Unarmed Combat
  6090 | D:6      | Found a burning altar of Makhleb.
  6090 | D:6      | Noticed a blizzard demon
  6544 | D:7      | Reached skill level 7 in Unarmed Combat
  7040 | D:7      | Noticed Joseph
  7459 | D:8      | Noticed a two-headed ogre
  7491 | D:8      | Noticed a green ugly thing
  7500 | D:8      | Noticed a cyclops
  7752 | D:7      | Reached XP level 8. HP: 45/58 MP: 8/8
  8371 | D:8      | Reached skill level 8 in Unarmed Combat
  8900 | D:8      | Noticed a rime drake
  9097 | D:8      | Noticed a harpy
  9274 | D:8      | Noticed a troll
  9572 | D:9      | Found Quezef's Assorted Antiques.
  9576 | D:9      | Bought an onyx ring for 145 gold pieces
  9579 | D:9      | Found Poetod's Magic Scroll Shop.
  9587 | D:9      | Bought a scroll of blinking for 120 gold pieces
  9587 | D:9      | Bought a scroll of teleportation for 48 gold pieces
  9587 | D:9      | Bought a scroll of teleportation for 48 gold pieces
  9601 | D:9      | Reached skill level 5 in Dodging
  9951 | D:9      | Found Cookan's Distillery.
 10110 | D:9      | Found Opasag's Magic Scroll Shop.
 10116 | D:9      | Bought a scroll of teleportation for 33 gold pieces
 10156 | D:9      | Mangled by an orc warrior

Illustrated notes

Levels and vault maps discovered:
D:1:      heliophobic_arrival_dark_side_of_the_moon, layout_basic
D:2:      layout_loops_corners
D:3:      layout_loops_ring, fedhas_ov_isle_minmay, okawaru_trees_2,
          chequers_ecumenical_altar_simple, minmay_fractal_squares_gapless_5
D:4:      layout_basic, mainiacjoe_overflow_concentric_impassable,
          mainiacjoe_overflow_cross_hatched, serial_curves, eino_curves_04,
          eino_curves_02, nzn_random_ring, uniq_robin, uniq_pikel,
          uniq_menkaure, uniq_duvessa
D:5:      layout_loops_ring, lemuel_coloured_pillars_altar,
          kennysheep_slug_shrine, minmay_temple_entry_wispy, uniq_ijyb,
          uniq_sigmund
D:6:      layout_basic, makhleb_altar_promises_db, uniq_blork_the_orc
D:7:      layout_loops_cross, serial_rivers, chequers_serial_rivers_micro_e,
          chequers_serial_rivers_micro_c, chequers_serial_rivers_room_a,
          chequers_serial_rivers_marsh, chequers_serial_rivers_large_a,
          uniq_joseph
D:8:      minmay_bloctagon_deflated, layout_layer_cave,
          onia_ninara_dug_in_and_dangerous
D:9:      layout_stronghold, serial_shops, nicolae_shop_statue_plus,
          nicolae_shop_crystal, nicolae_shop_trees, kennysheep_little_box,
          kennysheep_mini

Skill      XL: |  1  2  3  4  5  6  7  8 |
---------------+-------------------------+-----
Stealth        | 2 |  2.0
Unarmed Combat | 3 4 5 7 8 |  8.0
Dodging        | 3 6 |  6.0
Fighting       | |  3.8

Action                     |  1- 3 |  4- 6 |  7- 9 || total
---------------------------+-------+-------+-------++-------
  Melee: Unarmed           |   208 |   257 |   257 ||   722
         Punch             |     3 |    12 |    12 ||    27
    Use: Scroll            |     2 |    11 |     6 ||    19
   Stab: Sleeping          |    10 |     2 |     1 ||    13
         Distracted        |       |     1 |       ||     1
 Armour: Skin              |       |    71 |    97 ||   168
  Dodge: Dodged            |   139 |   135 |   184 ||   458

Table legend: (Time is in decaauts)
 A = Elapsed time spent in this place.
 B = Non-inter-level travel time spent in this place.
 C = Inter-level travel time spent in this place.
 D = Time resting spent in this place.
 E = Time spent auto-exploring this place.
 F = Levels seen in this place.
 G = Mean time per level.
                   A        B        C        D        E       F      G
               +--------+--------+--------+--------+--------+-----+--------+
         Total |  10121 |   9368 |    753 |   2238 |   4596 |   9 | 1124.6 |
       Dungeon |  10121 |   9368 |    753 |   2238 |   4596 |   9 | 1124.6 |
               +--------+--------+--------+--------+--------+-----+--------+

Top non-repeatable levels by time:
     D:8: 1502 daAuts
     D:6: 1369 daAuts
     D:2: 1368 daAuts
     D:5: 1313 daAuts
     D:3: 1305 daAuts
     D:7: 1263 daAuts
     D:1: 993 daAuts
     D:9: 757 daAuts
     D:4: 246 daAuts
